 Dungeon Crawl Stone Soup version 0.19.1-1-g22dce08 (webtiles) character file.

95 Kiturien the Stinger (level 4, 0/27 HPs)
             Began as an Octopode Venom Mage on Jan 16, 2017.
             Was a Follower of Zin.
             Slain by a bat (1 damage)
             ... on level 3 of the Dungeon.
             The game lasted 00:07:06 (2320 turns).

Kiturien the Stinger (Octopode Venom Mage)          Turns: 2320, Time: 00:07:06

Health: 0/27       AC:  1    Str:  8    XL:     4   Next: 66%
Magic:  7/7        EV: 13    Int: 17    God:    Zin [*.....]
Gold:   21         SH:  0    Dex: 12    Spells: 3 memorised, 0 levels left

rFire  . . .     SeeInvis .     g - +0 dagger
rCold  . . .     Gourm    .     (no shield)
rNeg   . . .     Faith    .     (helmet restricted)
rPois  .         Spirit   .     (no amulet)
rElec  .         Reflect  .     (no ring)
rCorr  .         Harm     .     (no ring)
MR     .....                    (no ring)
Stlth  +++.......               (no ring)
                                (no ring)
                                (no ring)
                                (no ring)
                                (no ring)

@: no status effects
A: almost no armour, stealthy swim, amphibious, 8 rings, constrict 8, camouflage
1, gelatinous body 1
a: Recite, Donate Gold, Renounce Religion


You were on level 3 of the Dungeon.
You worshipped Zin.
Zin was aware of your devotion.
You were not hungry.

You visited 1 branch of the dungeon, and saw 3 of its levels.

You collected 97 gold pieces.
You donated 76 gold pieces to Zin.

Inventory:

Hand Weapons
 g - a +0 dagger (weapon)
Scrolls
 d - a scroll of identify {unknown}
 e - a scroll of immolation {unknown}
 j - a scroll of magic mapping
 k - a scroll of teleportation
 m - a scroll of remove curse {unknown}
 n - a scroll of enchant armour {unknown}
 o - a scroll of enchant weapon {unknown}
Potions
 b - a potion of degeneration {unknown}
 c - 2 potions of curing
 h - 2 potions of brilliance {unknown}
 l - a potion of mutation {unknown}
 p - a potion of lignification {unknown}
 q - a potion of beneficial mutation {unknown}
Books
 a - a Young Poisoner's Handbook

   Spells                             Type                      Level
   a - Sting                          Conjuration/Poison           1
   b - Mephitic Cloud                 Conjuration/Poison/Air       3
   c - Olgreb's Toxic Radiance        Poison                       4
   d - Alistair's Intoxication        Transmutation/Poison         5
   e - Venom Bolt                     Conjuration/Poison           5
Comestibles
 f - 2 meat rations
 i - a beef jerky


   Skills:
 * Level 0.6 Fighting
 + Level 0.4 Short Blades
 + Level 2.0 Dodging
 + Level 4.2 Stealth
 + Level 0.2 Unarmed Combat
 * Level 2.5 Spellcasting
 + Level 0.2 Conjurations
 + Level 5.8 Poison Magic


You couldn't memorise any spells.
You knew the following spells:

 Your Spells              Type           Power        Failure   Level  Hunger
a - Sting                 Conj/Pois      ##..         6%          1    #......
b - Mephitic Cloud        Conj/Pois/Air  #.......     24%         3    ###....
c - Olgreb's Toxic Radia  Pois           ###.....     21%         4    #####..


Dungeon Overview and Level Annotations

Branches:
Dungeon (3/15)

Altars:
Ru
Zin

Annotations:
D:3 BogdanSil's ghost, amateur HaHu


Innate Abilities, Weirdness & Mutations

You cannot wear most types of armour.
You are very stealthy in the water. (Stealth+)
You are amphibious.
You can wear up to eight rings at the same time.
You can use your tentacles to constrict eight enemies at once.
Your skin changes colour to match your surroundings (Stealth+).
Your rubbery body absorbs attacks. (AC +1, EV +1)


Message History

You hit BogdanSil's ghost.
BogdanSil's ghost is lightly damaged.
BogdanSil's ghost hits you!
You hit BogdanSil's ghost but do no damage.
BogdanSil's ghost is lightly damaged.
BogdanSil's ghost closely misses you.
You miss BogdanSil's ghost.
BogdanSil's ghost is lightly damaged.
The bat barely misses you. BogdanSil's ghost hits you!
* * * LOW HITPOINT WARNING * * *
You barely miss BogdanSil's ghost.
BogdanSil's ghost is lightly damaged.
The bat hits you.
* * * LOW HITPOINT WARNING * * *
The bat closely misses you. BogdanSil's ghost hits you.
* * * LOW HITPOINT WARNING * * *
You barely miss BogdanSil's ghost.
BogdanSil's ghost is lightly damaged.
The bat hits you.
You die...

#.# *******,**,* *,,,,,,,,,,
#.## ###,,,,,,,**(# *,,,,,,,,,,
#..##
#..,********.#*#,,,,,,,,,,
##..# #.#** *####.#..,,,,,,,,,,
##.# #.## ###.......#,,,,,,,,,,
#.####..###.(......**,,,,,,,,,,
#.#..........#..#,****,,*******
#...###.....#_#.#,**,,,** #####
#####..#@b#,,,,,,,**
#...W.#*,,,,,,,*
##.........,,,,*
#######...,,,,* **...,,**
*,,..,,,* *,,,.,,,* *,,,>,,,*
**,,,,,**


You could see BogdanSil's ghost and a bat.

Vanquished Creatures
  An orc wizard (D:2)
  3 adders (D:2)
  A worm (D:2)
  2 dart slugs (D:1)
  2 leopard geckos
  4 bats
  2 giant cockroaches
  2 goblins
  3 hobgoblins
  4 kobolds
  A quokka (D:2)
  3 frilled lizards
  8 rats
36 creatures vanquished.

Notes
Turn   | Place    | Note
-------+----------+-------------------------------------------
     0 | D:1      | Kiturien the Octopode Venom Mage began the quest for the Orb.
     0 | D:1      | Reached XP level 1. HP: 11/11 MP: 3/3
   126 | D:1      | Reached skill level 5 in Poison Magic
   189 | D:1      | Reached XP level 2. HP: 17/17 MP: 5/5
   995 | D:2      | Reached XP level 3. HP: 6/21 MP: 2/6
  1289 | D:2      | Found a sacrificial altar of Ru.
  1307 | D:2      | Reached XP level 4. HP: 22/27 MP: 5/7
  2231 | D:3      | Learned a level 3 spell: Mephitic Cloud
  2236 | D:3      | Learned a level 4 spell: Olgreb's Toxic Radiance
  2291 | D:3      | Found a faded altar of an unknown god.
  2303 | D:3      | Became a worshipper of Zin the Law-Giver
  2303 | D:3      | Reached * piety under Zin
  2305 | D:3      | Noticed BogdanSil's ghost (amateur HaHu)
  2307 | D:3      | Donated 45 gold pieces to Zin
  2308 | D:3      | Donated 22 gold pieces to Zin
  2319 | D:3      | HP: 1/27 [BogdanSil's ghost (4)]
  2320 | D:3      | Slain by a bat

Skill      XL: |  1  2  3 |
---------------+----------+-----
Poison Magic   | 5 |  5.8
Stealth        | 3 4 |  4.2
Fighting       | |  0.6
Short Blades   | |  0.4
Dodging        | |  2.0
Unarmed Combat | |  0.2
Spellcasting   | |  2.5
Conjurations   | |  0.2

Action                   |  1- 3 |  4- 6 || total
-------------------------+-------+-------++-------
Melee: Unarmed           |     7 |       ||     7
       Dagger            |    39 |    36 ||    75
       Constrict         |     9 |     6 ||    15
       Tentacles         |     3 |     2 ||     5
 Cast: Sting             |    17 |     9 ||    26
Invok: Donate Gold       |       |     2 ||     2
  Use: Scroll            |     1 |     1 ||     2
       Potion            |     1 |       ||     1
 Stab: Sleeping          |     7 |     5 ||    12
       Paralysed         |       |     1 ||     1
  Eat: Bread ration      |     1 |       ||     1
Armor: Skin              |     3 |     2 ||     5
Dodge: Dodged            |    27 |    20 ||    47
